 Dungeon Crawl Stone Soup version 0.23-a0-435-g79ed067 (webtiles) character file.

48 galech the Skirmisher (level 3, -1/29 HPs)
             Began as a Demonspawn Fighter on Nov 15, 2018.
             Slain by an orc priest
             ... wielding a +0 dagger
              (4 damage)
             ... on level 3 of the Dungeon.
             The game lasted 00:01:30 (1214 turns).

galech the Skirmisher (Demonspawn Fighter)          Turns: 1214, Time: 00:01:31

Health: -1/29      AC:  7    Str: 16    XL:     3   Next: 50%
Magic:  3/3        EV:  7    Int:  9    God:
Gold:   9          SH:  9    Dex: 13    Spells: 2/2 levels left

rFire    . . .     SeeInvis .   a - +0 war axe
rCold    . . .     Gourm    .   c - +0 shield
rNeg     . . .     Faith    .   b - +0 scale mail
rPois    .         Spirit   .   n - +0 helmet
rElec    .         Reflect  .   (no cloak)
rCorr    +         Harm     .   (no gloves)
MR       .....                  (no boots)
Stlth    ..........             (no amulet)
HPRegen  0.09/turn              i - ring of resist corrosion
MPRegen  0.08/turn              (no ring)

@: no status effects
A: powered by pain 1
a: no special abilities


You were on level 3 of the Dungeon.
You were not hungry.

You visited 1 branch of the dungeon, and saw 3 of its levels.

You collected 9 gold pieces.

Inventory:

Hand Weapons
 a - a +0 war axe (weapon)
Armour
 b - a +0 scale mail (worn)
 c - a +0 shield (worn)
 n - a +0 helmet (worn)
Jewellery
 i - a ring of resist corrosion (left hand)
Scrolls
 g - a scroll of magic mapping {unknown}
 h - a scroll of identify {unknown}
 j - a scroll of enchant armour {unknown}
 k - a scroll of random uselessness {unknown}
 l - a scroll of fear {unknown}
 m - a scroll of noise {unknown}
 p - a scroll of teleportation {unknown}
Potions
 d - a potion of might
 e - 3 potions of curing {unknown}
 o - a potion of magic {unknown}
 q - a potion of flight {unknown}
Comestibles
 f - 4 rations


   Skills:
 + Level 3.2 Fighting
 + Level 2.5 Axes
 + Level 3.1 Armour
 + Level 0.2 Dodging
 + Level 3.1 Shields


You had 2 spell levels left.
You didn't know any spells.
Your spell library was empty.

Dungeon Overview and Level Annotations

Branches:
Dungeon (3/15)

Altars:
Dithmenos


Innate Abilities, Weirdness & Mutations

You sometimes gain a little power by taking damage.


Message History

You hear some strange, mumbled words.
A magic dart appears from out of thin air!
The magic dart hits you!
You barely miss the orc priest. You miss something. Something hits you.
* * * LOW HITPOINT WARNING * * *
An orc comes into view.
Something hits you but does no damage.
Your shield and scale mail prevent you from hitting the orc.
You closely miss something. Something hits you but does no damage.
You slash the orc!
You kill the orc!
You slash something! Something hits you.
* * * LOW HITPOINT WARNING * * *
The orc priest barely misses you. Something hits you.
* * * LOW HITPOINT WARNING * * *
You hit the orc priest.
The orc priest is moderately wounded.
You closely miss something. You block something's attack.
The orc priest hits you with a +0 dagger.
You die...

... #.# #.# #.#
#.# #.# #.# #.#
#$# #.# #.# #.#
#$#
###<###.########
#.......@o.o....
#.#####.########
#. #...# .
####.. ## ?.# .#
.# #


You could see an orc priest and an orc.

Vanquished Creatures
  Robin (D:2)
  2 worms (D:2)
  An orc (D:3)
  A giant cockroach (D:1)
  4 goblins (D:2)
  4 hobgoblins (D:1)
  4 kobolds
  A quokka (D:2)
  7 bats (D:1)
  3 frilled lizards
  4 rats (D:1)
32 creatures vanquished.

Notes
Turn   | Place    | Note
-------+----------+-------------------------------------------
     0 | D:1      | galech the Demonspawn Fighter began the quest for the Orb.
     0 | D:1      | Reached XP level 1. HP: 18/18 MP: 1/1
   171 | D:1      | Gained mutation: You sometimes gain a little power by
                  | taking damage. [demonic ancestry]
   171 | D:1      | Reached XP level 2. HP: 22/24 MP: 2/2
   683 | D:2      | Reached XP level 3. HP: 25/29 MP: 3/3
   720 | D:2      | Found a shadowy altar of Dithmenos.
   766 | D:2      | Noticed Robin
   770 | D:2      | Killed Robin
  1142 | D:3      | Noticed a hippogriff
  1214 | D:3      | Slain by an orc priest

Vault maps used:
D:1:      zelgadis_glass_arrival_large
D:2:      grunt_dithmenos_smoke_and_mirrors, uniq_robin
D:3:      first_ration, saegor_snake_ambush

Skill      XL: |  1  2 |
---------------+-------+-----
Armour         | 3 |  3.1
Axes           | 2 |  2.5
Shields        | 3 |  3.1
Fighting       | |  3.2
Dodging        | |  0.2

Action                   || total
-------------------------++-------
Melee: War axe           ||    97
  Eat: Chunk             ||     1
Armor: Scale mail        ||    48
Dodge: Dodged            ||    25
Block: Shield            ||    55

Table legend:
 A = Non-vault XP
 B = Vault XP
 C = Vault XP percentage of total XP
 D = Non-vault monster count
 E = Vault monster count
 F = Vault count percentage of total count
                 A         B        C        D         E       F
            +---------+---------+-------+---------+---------+-------
      Total |      48 |      21 |  30.4 |      28 |       4 |  12.5
            +---------+---------+-------+---------+---------+-------
        D:1 |      29 |       0 |   0.0 |      21 |       0 |   0.0
        D:2 |      16 |      21 |  56.8 |       6 |       4 |  40.0
        D:3 |       3 |       0 |   0.0 |       1 |       0 |   0.0
            +---------+---------+-------+---------+---------+-------
